 Dungeon Crawl Stone Soup version 0.28-a0-932-g843f935a50 (webtiles) character file.

Game seed: 8041081465067635342

126 croobank the Insei (level 5, -2/33 HPs)
             Began as an Octopode Transmuter on Nov 28, 2021.
             Slain by Brendawg's ghost (14 damage)
             ... on level 3 of the Dungeon.
             The game lasted 00:21:52 (3199 turns).

croobank the Insei (Octopode Transmuter)            Turns: 3199, Time: 00:21:55

Health: -2/33      AC:  1    Str: 13    XL:     5   Next: 9%
Magic:  8/8        EV: 13    Int: 15    God:
Gold:   81         SH:  0    Dex: 12    Spells: 2/8 levels left

rFire   . . .      SeeInvis .   a - +0 short sword
rCold   . . .      Faith    .   (no shield)
rNeg    . . .      Spirit   .   (helmet restricted)
rPois   .          Reflect  .   (no amulet)
rElec   .          Harm     .   (no ring)
rCorr   .          Rampage  .   (no ring)
Will    .....                   (no ring)
Stlth   +++.......              (no ring)
HPRegen 0.11/turn               (no ring)
MPRegen 0.11/turn               (no ring)
                                (no ring)
                                (no ring)

@: mighty
A: almost no armour, amphibious, 8 rings, camouflage 1, gelatinous body 1,
(nimble swimmer 1), tentacles, strong 1, MP-powered wands
a: no special abilities


You were on level 3 of the Dungeon.
You visited 1 branch of the dungeon, and saw 3 of its levels.
You also visited: Sewer.

You collected 81 gold pieces.

Inventory:

Hand Weapons
 a - a +0 short sword (weapon)
 b - a +1 hand crossbow
 d - a +0 whip
 q - a +0 short sword
Missiles
 c - 98 stones
 e - 38 bolts
 i - 27 sling bullets
 k - 35 poisoned darts
Potions
 g - 2 potions of curing
 h - a potion of ambrosia {unknown}
 j - a potion of magic {unknown}
 l - 3 potions of might
 m - 2 potions of mutation
 n - 4 potions of cancellation {unknown}
 o - a potion of haste {unknown}
 p - 3 potions of heal wounds {unknown}


   Skills:
 - Level 1.2 Fighting
 - Level 1.0 Short Blades
 - Level 1.5 Crossbows
 - Level 2.2 Dodging
 - Level 1.4 Stealth
 - Level 3.5 Unarmed Combat
 - Level 2.4 Spellcasting
 - Level 3.0 Transmutations
 + Level 1.1 Poison Magic


You had 2 spell levels left.
You knew the following spells:

 Your Spells              Type           Power      Damage    Failure   Level
a - Beastly Appendage     Tmut           22%        N/A       6%          1
b - Wereblood             Tmut           11%        N/A       9%          2
c - Spider Form           Tmut/Pois      8%         N/A       26%         3

Your spell library contained the following spells:

 Spells                   Type           Power      Damage    Failure   Level
 Ice Form                 Ice/Tmut       6%         N/A       75%         4


Dungeon Overview and Level Annotations

Branches:
Dungeon (3/15)              Sewer (visited)

Altars:

Shops:
D:1 !   D:2 (

Annotations:
D:3 Brendawg's ghost, amateur MiBe


Innate Abilities, Weirdness & Mutations

You cannot wear most types of armour.
You are amphibious.
You can wear up to eight rings at the same time.
Your skin changes colour to match your surroundings (Stealth+).
Your rubbery body absorbs attacks. (AC +1, EV +1)
((You are camouflaged near water. (Stealth+)))
You have tentacles for arms and can constrict up to eight enemies at once.
Your muscles are strong. (Str +2)
You expend magic power (3 MP) to strengthen your wands.


Message History

Brendawg's ghost hits you.
You closely miss Brendawg's ghost.
Brendawg's ghost is lightly damaged.
Brendawg's ghost misses you.
You hit Brendawg's ghost but do no damage.
Brendawg's ghost is lightly damaged.
Brendawg's ghost hits you.
You closely miss Brendawg's ghost.
Brendawg's ghost is lightly damaged.
Brendawg's ghost hits you.
It was a potion of curing.
You feel better. Brendawg's ghost completely misses you.
You hit Brendawg's ghost.
Brendawg's ghost is lightly damaged.
Brendawg's ghost hits you.
You closely miss Brendawg's ghost.
You squeeze Brendawg's ghost, but do no damage.
Brendawg's ghost is lightly damaged.
Brendawg's ghost closely misses you.
It was a potion of might.
You feel very mighty all of a sudden. Brendawg's ghost hits you!
You closely miss Brendawg's ghost.
Your tentacle-slap misses Brendawg's ghost.
Your squeeze misses Brendawg's ghost.
Brendawg's ghost is lightly damaged.
Brendawg's ghost barely misses you.
You hit Brendawg's ghost.
Brendawg's ghost is lightly damaged.
Brendawg's ghost hits you.
You closely miss Brendawg's ghost.
Brendawg's ghost is lightly damaged.
Brendawg's ghost closely misses you.
The kobold shouts!
You hit Brendawg's ghost. Your squeeze misses Brendawg's ghost.
Brendawg's ghost is moderately damaged.
You hear a shout!
Brendawg's ghost wails, "You must not succeed where I failed!"
Brendawg's ghost hits you!
You die...

#..##≈≈≈...#..#####
#..##≈≈≈≈.##..#
#..##≈≈≈≈≈##...#
#...#.≈≈≈≈##....#
########...##########..##
...........# .. ..###
#########..# ##. ..###
#..# #.. ..##. #@.# #.#
#..#[ #W.# #.#
#).####.######
########..##........#
..........##.#.####.#
.########.K..#.####.####
###..#.K.KW....#
#..#.####.##.# #..#.#
#.##.#


You could see Brendawg's ghost and a kobold.

Vanquished Creatures
  3 adders
  2 river rats (D:3)
  3 worms
  10 ball pythons
  3 bats
  4 endoplasms
  A giant cockroach (D:3)
  4 goblins
  2 hobgoblins (D:1)
  5 jackals (D:1)
  23 kobolds
  4 quokkas
  2 frilled lizards
  10 rats
76 creatures vanquished.

Vanquished Creatures (others)
  2 fungi (D:3)
  12 plants
14 creatures vanquished.

Grand Total: 90 creatures vanquished

Notes
Turn   | Place    | Note
-------+----------+-------------------------------------------
     0 | D:1      | croobank the Octopode Transmuter began the quest for the
                  | Orb.
     0 | D:1      | Reached XP level 1. HP: 13/13 MP: 3/3
    40 | D:1      | Found Ufus's Distillery.
    79 | D:1      | Reached XP level 2. HP: 18/18 MP: 3/5
   106 | D:1      | Learned a level 2 spell: Wereblood
   182 | D:1      | Gained mutation: You expend magic power (3 MP) to
                  | strengthen your wands. [potion of mutation]
   182 | D:1      | Gained mutation: Your muscles are strong. (Str +2) [potion
                  | of mutation]
   732 | D:1      | Reached XP level 3. HP: 20/23 MP: 6/6
  1294 | D:2      | Found Hobi's Antique Weapon Shop.
  1425 | D:2      | Reached skill level 1 in Stealth
  1849 | D:3      | Reached XP level 4. HP: 28/28 MP: 7/7
  1859 | D:3      | Reached skill level 1 in Crossbows
  1868 | D:3      | Found a glowing drain.
  2449 | Sewer    | Entered a sewer
  2741 | Sewer    | Reached skill level 1 in Short Blades
  2863 | Sewer    | Reached XP level 5. HP: 30/33 MP: 6/8
  3072 | Sewer    | Reached skill level 1 in Poison Magic
  3077 | Sewer    | Learned a level 3 spell: Spider Form
  3135 | D:3      | Found a runed translucent gate.
  3135 | D:3      | Noticed a kobold brigand
  3135 | D:3      | Noticed Brendawg's ghost (amateur MiBe)
  3139 | D:3      | Found a runed translucent gate.
  3140 | D:3      | Found a runed translucent gate.
  3199 | D:3      | Slain by Brendawg's ghost

Illustrated notes

Levels and vault maps discovered:
D:1:      dpeg_arrival_rooms_with_view, layout_basic, serial_forest,
          infiniplex_forest_lined_room_2, infiniplex_forest_clump_diagonal,
          infiniplex_forest_end_2, infiniplex_forest_straight_4,
          infiniplex_forest_zigzag_1, infiniplex_forest_clump_C,
          infiniplex_forest_clump_medium, infiniplex_forest_straight_1,
          serial_shops, shop, hangedman_decor_slide_cut
D:2:      layout_basic, serial_shops, nicolae_shop_overgrown_old_shop
D:3:      layout_loops_ring, nemelex_diamond_rough_becter,
          grunt_temple_overflow_bloody_war, portal_sewer_entry_b,
          gammafunk_ghost_nasty_kobolds, hangedman_glass_teeth,
          serial_bayou_lagoon_a

Skill      XL: |  1  2  3  4  5 |
---------------+----------------+-----
Stealth        | 1 |  1.4
Crossbows      | 1 |  1.5
Transmutations | 3 |  3.0
Short Blades   | 1 |  1.0
Poison Magic   | 1 |  1.1
Fighting       | |  1.2
Dodging        | |  2.2
Unarmed Combat | |  3.5
Spellcasting   | |  2.4

Action                   |  1- 3 |  4- 6 || total
-------------------------+-------+-------++-------
Melee: Unarmed           |    26 |       ||    26
       Constrict         |    17 |    18 ||    35
       Kick              |    15 |    11 ||    26
       Short sword       |    39 |    71 ||   110
       Tentacles         |    10 |     8 ||    18
       Punch             |     1 |     1 ||     2
 Fire: Hand crossbow     |    15 |    17 ||    32
 Cast: Beastly Appendage |    17 |    16 ||    33
       Wereblood         |       |     2 ||     2
  Use: Potion            |     2 |     2 ||     4
       Scroll            |     3 |     3 ||     6
 Stab: Sleeping          |     7 |       ||     7
Armor: Skin              |     6 |       ||     6
Dodge: Dodged            |    52 |    33 ||    85

Table legend: (Time is in decaauts)
 A = Elapsed time spent in this place.
 B = Non-inter-level travel time spent in this place.
 C = Inter-level travel time spent in this place.
 D = Time resting spent in this place.
 E = Time spent auto-exploring this place.
 F = Levels seen in this place.
 G = Mean time per level.
                   A        B        C        D        E       F      G
               +--------+--------+--------+--------+--------+-----+--------+
         Total |   3208 |   3176 |     32 |   1106 |   1184 |   4 |  802.0 |
       Dungeon |   2566 |   2534 |     32 |   1012 |    899 |   3 |  855.3 |
         Sewer |    642 |    642 |      0 |     94 |    285 |   1 |  642.0 |
               +--------+--------+--------+--------+--------+-----+--------+

Top non-repeatable levels by time:
     D:1: 1254 daAuts
     D:3: 753 daAuts
   Sewer: 642 daAuts
     D:2: 557 daAuts
